 Dungeon Crawl Stone Soup version 0.18.1-48-g4cf74bf (webtiles) character file.

10339 Ratgod the Severer (level 11, -9/101 HPs)
             Began as a Hill Orc Gladiator on June 29, 2016.
             Was a Priest of Beogh.
             Mangled by a freezing wraith (22 damage)
             ... in an ice cave.
             The game lasted 00:34:06 (11165 turns).

Ratgod the Severer (Hill Orc Gladiator)            Turns: 11165, Time: 00:34:07

Health: -9/101     AC: 20    Str: 21    XL:     11   Next: 60%
Magic:  15/18      EV:  7    Int:  8    God:    Beogh [***...]
Gold:   612        SH:  0    Dex: 12    Spells: 0 memorised, 10 levels left

rFire  . . .     SeeInvis .     a - +1 war axe
rCold  . . .     Gourm    .     N - +0 plate armour
rNeg   + . .     Faith    .     (no shield)
rPois  .         Spirit   .     u - +2 helmet
rElec  .         Dismiss  .     (no cloak)
rCorr  .         Reflect  .     (no gloves)
SustAt .         Harm     .     W - +0 pair of boots
MR     .....                    j - amulet of rage
Stlth  ..........               n - ring of positive energy
                                m - ring of stealth

@: exhausted, slowed, very slow, not resistant to hostile enchantments,
extremely unstealthy
A: no striking features
a: Smiting, Renounce Religion, Evoke Berserk Rage


You were in an ice cave.
You worshipped Beogh.
Beogh was most pleased with you.
You were very hungry.

You visited 1 branch of the dungeon, and saw 11 of its levels.
You also visited: Ice Cave.

You collected 677 gold pieces.
You spent 65 gold pieces at shops.

Inventory:

Hand Weapons
 a - a +1 war axe (weapon)
 b - a +1 hand axe of freezing
 A - a +0 battleaxe
Missiles
 d - 2 throwing nets (quivered)
Armour
 u - a +2 helmet (worn)
 N - a +0 plate armour (worn)
 W - a +0 pair of boots (worn)
Jewellery
 j - an amulet of rage (around neck)
 m - a ring of stealth (left hand)
 n - a ring of positive energy (right hand)
Wands
 p - a wand of iceblast (5/15)
 K - a wand of random effects (23/48)
 S - a wand of digging (17/24)
 V - a wand of paralysis (5/24)
Scrolls
 k - 3 scrolls of remove curse
 l - 13 scrolls of identify
 q - 3 scrolls of enchant weapon
 v - a scroll of fog
 y - 9 scrolls of teleportation
 z - 5 scrolls of fear
 E - 2 scrolls of immolation
 O - a scroll of vulnerability {unknown}
 T - a scroll of summoning {unknown}
Potions
 g - a potion of haste {unknown}
 h - 3 potions of degeneration
 i - 2 potions of might {unknown}
 r - 2 potions of lignification {unknown}
 s - 2 potions of flight
 x - a potion of cure mutation {unknown}
 C - a potion of magic {unknown}
 M - 2 potions of brilliance {unknown}
 R - a potion of curing
 X - a potion of agility {unknown}
 Z - 2 potions of invisibility {unknown}
Books
 w - a book of Battle

   Spells                             Type                      Level
   a - Infusion                       Charms                       1
   b - Shroud of Golubria             Charms/Translocation         2
   c - Song of Slaying                Charms                       2
   d - Spectral Weapon                Hexes/Charms                 3
   e - Regeneration                   Charms/Necromancy            3
 D - a book of Alchemy

   Spells                             Type                      Level
   a - Sublimation of Blood           Necromancy                   2
   b - Ignite Poison                  Fire/Transmutation/Poison    3
   c - Petrify                        Transmutation/Earth          4
   d - Alistair's Intoxication        Transmutation/Poison         5
   e - Irradiate                      Conjuration/Transmutation    5
 P - a Fen Folio

   Spells                             Type                      Level
   a - Corpse Rot                     Necromancy                   2
   b - Stone Arrow                    Conjuration/Earth            3
   c - Leda's Liquefaction            Hexes/Earth                  4
   d - Summon Forest                  Summoning/Translocation      5
   e - Hydra Form                     Transmutation                6
   f - Summon Hydra                   Summoning                    7
Comestibles
 f - a bread ration
 o - 8 fruits
 B - 3 meat rations
 H - 2 beef jerkies


   Skills:
 + Level 10.5 Fighting
 * Level 15.1 Axes
 - Level 1.7 Throwing
 + Level 8.1 Armour
 - Level 2.4 Dodging
 + Level 9.4 Invocations


You had 10 spell levels left.
You didn't know any spells.

Dungeon Overview and Level Annotations

Branches:
Dungeon (11/15)            Temple (0/1) D:7            Lair (0/8) D:11
    Orc: D:9-12

Altars:
Ashenzari
Dithmenos
Elyvilon
Fedhas
Gozag
Kikubaaqudgha
Nemelex Xobeh
Pakellas
Qazlal
Ru
Sif Muna
Trog
Vehumet
Yredelemnul
Zin

Shops:
D:7 !

Annotations:
IceCv asdu's ghost, novice NaFi


Message History

You are too berserk!
You feel a strong urge to attack something.
You are no longer berserk.
You are exhausted.
You feel as though you will be slow longer.
You are feeling very hungry.
Aiming: Smiting
Press: ? - help, Dir - move target cursor, f - freezing wraith Smite: a freezing wraith (almost destroyed)
You smite the freezing wraith!
You destroy the freezing wraith!
Beogh accepts your kill.
You feel somewhat more hungry.
The freezing wraith hits you but does no damage.
The freezing wraith barely misses you.
The freezing wraith hits you but does no damage. x2
The freezing wraith hits you.
* * * LOW HITPOINT WARNING * * *
The freezing wraith freezes you!!
You die...

##...............##
##........###....##
##. ####...###
###...# #... #####
##..# #W... #...#
#...# ##..###...#
##..###...#
##..###...#
#...@W..###
##...W### ######


You could see 2 freezing wraiths.

Vanquished Creatures
  The ghost of junkhipster the Blocker, a journeyman DDFi of Okawaru (D:10)
  The ghost of asdu the Fighter, a novice MiAs of Trog (D:9)
  A hill giant (D:10)
  A deep elf mage (D:10)
  A gargoyle (D:10)
  A centaur skeleton (D:10)
  A freezing wraith (IceCv)
  A spriggan (D:10)
  5 yaks (D:10)
  A hippogriff (D:10)
  A steam dragon (D:7)
  A death yak simulacrum (IceCv)
  A hungry ghost (D:8)
  7 ice beasts
  3 sky beasts
  5 ogres
  A necrophage (D:9)
  An orc warrior (D:7)
  An eye of draining (D:9)
  A wasp (D:10)
  8 centaurs
  3 big kobolds (D:8)
  7 giant frogs
  4 scorpions
  A water moccasin skeleton (D:4)
  An elephant simulacrum (IceCv)
  9 killer bees
  A wight (D:10)
  6 howler monkeys
  4 crimson imps
  A giant frog zombie (D:5)
  A quasit (D:10)
  10 orc priests
  A jelly (D:5)
  11 hounds
  2 giant frog skeletons
  A gnoll shaman (D:8)
  6 worker ants
  2 iguanas
  10 orc wizards
  A polar bear simulacrum (IceCv)
  A wolf simulacrum (IceCv)
  A hound zombie (D:9)
  2 hound skeletons
  9 adders
  8 gnolls
  A howler monkey skeleton (D:7)
  2 shadow imps (D:6)
  16 white imps
  3 worms
  2 dart slugs
  2 giant geckos
  36 orcs
  3 bats
  4 giant cockroaches
  7 goblins
  14 hobgoblins
  17 jackals
  17 kobolds
  5 quokkas
  A ball python (D:3)
  A giant gecko zombie (D:7)
  6 giant newts
  41 rats
325 creatures vanquished.

Vanquished Creatures (collateral kills)
  A troll (D:11)
  A phantom (D:10)
  A white imp (D:11)
3 creatures vanquished.

Vanquished Creatures (others)
  An orc wizard (D:10)
  5 orcs
  A hobgoblin (D:3)
  2 fungi (D:3)
9 creatures vanquished.

Grand Total: 337 creatures vanquished

Notes
Turn   | Place    | Note
--------------------------------------------------------------
     0 | D:1      | Ratgod the Hill Orc Gladiator began the quest for the Orb.
     0 | D:1      | Reached XP level 1. HP: 18/18 MP: 1/1
   124 | D:1      | Reached XP level 2. HP: 25/25 MP: 2/2
   566 | D:1      | Reached skill level 5 in Axes
   566 | D:1      | Reached XP level 3. HP: 31/31 MP: 3/3
   815 | D:2      | Found a radiant altar of Vehumet.
   842 | D:2      | Reached XP level 4. HP: 24/40 MP: 4/4
  1041 | D:2      | Found a basalt altar of Yredelemnul.
  1389 | D:2      | Found a white marble altar of Elyvilon.
  1584 | D:3      | Became a worshipper of Beogh the Brigand
  1661 | D:3      | Reached skill level 6 in Axes
  2047 | D:3      | Reached * piety under Beogh
  2083 | D:3      | Reached XP level 5. HP: 46/46 MP: 5/5
  2167 | D:3      | Found a blossoming altar of Fedhas.
  2269 | D:3      | Found a faded altar to an unknown god.
  2366 | D:3      | Reached ** piety under Beogh
  2391 | D:3      | Found a stormy altar of Qazlal.
  2601 | D:3      | Reached skill level 7 in Axes
  2816 | D:4      | Reached XP level 6. HP: 53/53 MP: 6/6
  2850 | D:4      | Found a shadowy altar of Dithmenos.
  2897 | D:4      | Reached skill level 5 in Fighting
  2897 | D:4      | Reached skill level 8 in Axes
  3106 | D:4      | Reached skill level 1 in Invocations
  3142 | D:4      | Reached XP level 7. HP: 55/61 MP: 6/8
  3162 | D:4      | Reached skill level 1 in Armour
  3594 | D:5      | Entered Level 5 of the Dungeon
  3620 | D:5      | Reached skill level 9 in Axes
  3651 | D:5      | Found a deep blue altar of Sif Muna.
  3908 | D:5      | Reached XP level 8. HP: 68/70 MP: 8/10
  4407 | D:5      | Found a shattered altar of Ashenzari.
  4475 | D:5      | Found a sparkling altar of Nemelex Xobeh.
  4704 | D:6      | Found a sacrificial altar of Ru.
  4881 | D:6      | Reached skill level 10 in Axes
  5585 | D:6      | Noticed a moth of wrath
  5588 | D:6      | Found a bloodstained altar of Trog.
  5793 | D:7      | Reached skill level 5 in Invocations
  5793 | D:7      | Reached XP level 9. HP: 34/79 MP: 12/12
  6029 | D:7      | Reached skill level 11 in Axes
  6316 | D:7      | Found a staircase to the Ecumenical Temple.
  6628 | D:7      | Reached skill level 5 in Armour
  7099 | D:7      | Found Burch's Distillery.
  7107 | D:7      | Bought a potion of heal wounds for 65 gold pieces
  7384 | D:8      | Reached skill level 12 in Axes
  7466 | D:8      | Paralysed by fainting for 7 turns
  7624 | D:8      | Reached XP level 10. HP: 85/89 MP: 15/15
  8272 | D:9      | Reached *** piety under Beogh
  8303 | D:9      | Found an opulent altar of Gozag.
  8344 | D:9      | Reached skill level 13 in Axes
  8576 | D:9      | Noticed asdu's ghost (novice MiAs)
  8594 | D:9      | Killed asdu's ghost
  8649 | D:9      | Found an ancient bone altar of Kikubaaqudgha.
  8857 | D:9      | Found an oddly glowing altar of Pakellas.
  9037 | D:9      | Found a glowing silver altar of Zin.
  9212 | D:10     | Entered Level 10 of the Dungeon
  9394 | D:10     | Noticed a hill giant
  9402 | D:10     | Killed a hill giant
  9580 | D:10     | Reached skill level 14 in Axes
  9591 | D:10     | Reached XP level 11. HP: 30/99 MP: 17/17
  9848 | D:10     | Found an opulent altar of Gozag.
  9909 | D:10     | Noticed junkhipster's ghost (journeyman DDFi)
  9930 | D:10     | Killed junkhipster's ghost
  9930 | D:10     | Reached skill level 10 in Fighting
 10320 | D:10     | Noticed a deep elf mage
 10327 | D:10     | Killed a deep elf mage
 10700 | D:11     | Found a frozen archway.
 10721 | IceCv    | Entered an ice cave
 11087 | IceCv    | Reached skill level 15 in Axes
 11153 | IceCv    | Noticed asdu's ghost (novice NaFi)
 11165 | IceCv    | Mangled by a freezing wraith

Skill      XL: |  1  2  3  4  5  6  7  8  9 10 11 |
---------------+----------------------------------+-----
Fighting       | 3 4 5 7 8 9 10 | 10.5
Axes           | 5 6 7 8 9 10 12 14 15 | 15.1
Invocations    | 1 3 5 6 8 9 |  9.4
Armour         | 2 4 5 7 8 |  8.1
Throwing       | |  1.7
Dodging        | |  2.4

Action                   |  1- 3 |  4- 6 |  7- 9 | 10-12 || total
-------------------------+-------+-------+-------+-------++-------
Melee: War axe           |    84 |   200 |   312 |   377 ||   973
Throw: Throwing net      |       |       |     1 |       ||     1
Invok: Convert to Beogh  |       |     1 |       |       ||     1
       Smiting           |       |     1 |    18 |    15 ||    34
 Abil: Evoke Berserk Rag |       |     5 |     5 |    16 ||    26
  Use: Potion            |       |       |     5 |     3 ||     8
       Scroll            |       |       |       |    12 ||    12
 Stab: Sleeping          |     2 |     7 |     1 |       ||    10
       Distracted        |     1 |       |       |     1 ||     2
  Eat: Chunk             |       |    11 |    22 |     7 ||    40
       Royal jelly       |       |       |     1 |       ||     1
       Pizza             |       |       |     1 |     2 ||     3
       Bread ration      |       |       |       |     3 ||     3
       Fruit             |       |       |       |     1 ||     1
Armor: Leather armour    |    21 |     6 |       |       ||    27
       Ring mail         |       |    63 |    87 |       ||   150
       Plate armour      |       |       |    67 |   338 ||   405
Dodge: Dodged            |    70 |    97 |   170 |   160 ||   497
